AoeStats
← KırımTatarı

Golden Pit

509215633Analyzed
1v1 RM · 5d ago on Sep 25, 2026· 28m 24s· 2 players
Game mode
Random Map
Map size
Tiny (2 player)
Population
200
Speed
Normal
Resources
Standard
Victory
Conquest
Starting age
Dark Age
Ending age
Imperial Age
RankedLock teamsTeams togetherTeam positionsShared explorationLock speedFull tech treeHidden civsTurbo modeCheats
Victory
Defeat
🇬🇷 Romans · Greece
1083
+16
🇹🇷 Magyars · Türkiye
1082
-16
KırımTatarı
7:13 Loom
9:10 Feudal Age
10:46 Double-Bit Axe
17:50 Horse Collar
20:23 Castle Age
22:17 Light Cavalry
OLYMPIAKOS
6:05 Loom
9:19 Feudal Age
14:57 Castle Age
14:13 Double-Bit Axe
14:16 Town Watch
25:01 Pikeman
Connection lost

Rejoining the realm…

Still unreachable

The connection could not be restored.

Session expired

The server has moved on; the page needs a fresh start.